 Dungeon Crawl Stone Soup version 0.28.0-53-g5a82cb258f (webtiles) character file.

Game seed: 5190069052664618267

4 purpskrrrp the Magician (level 1, 0/13 HPs)
             Began as a Demonspawn Wanderer on June 23, 2022.
             Slain by a ball python (3 damage)
             ... on level 1 of the Dungeon.
             The game lasted 00:00:31 (498 turns).

purpskrrrp the Magician (Demonspawn Wanderer)        Turns: 498, Time: 00:00:32

Health: 0/13       AC:  2    Str:  9    XL:     1   Next: 50%
Magic:  4/4        EV:  7    Int: 18    God:
Gold:   0          SH:  3    Dex: 10    Spells: 6/6 levels left

rFire   . . .      SeeInvis .   a - +0 dagger
rCold   . . .      Faith    .   c - +0 buckler
rNeg    . . .      Spirit   .   b - +0 robe
rPois   .          Reflect  .   (no helmet)
rElec   .          Harm     .   (no cloak)
rCorr   .          Rampage  .   (no gloves)
Will    .....                   (no boots)
Stlth   +.........              (no amulet)
HPRegen 0.04/turn               (no ring)
MPRegen 0.09/turn               (no ring)

@: constricted
A: no striking features
a: no special abilities


You were on level 1 of the Dungeon.
You visited 1 branch of the dungeon, and saw 1 of its levels.

Inventory:

Hand Weapons
 a - a +0 dagger (weapon)
Armour
 b - a +0 robe (worn)
 c - a +0 buckler (worn)


   Skills:
 + Level 0.1 Short Blades
 + Level 1.0 Throwing
 + Level 1.0 Armour
 + Level 1.0 Shields
 + Level 3.0 Spellcasting
 + Level 1.8 Air Magic
 + Level 2.1 Poison Magic


You had 6 spell levels left.
You didn't know any spells.
Your spell library contained the following spells:

 Spells                   Type           Power      Damage    Failure   Level
 Sting                    Tmut/Pois      24%        1d4       14%         1
 Shock                    Conj/Air       24%        1d4       16%         1
 Mephitic Cloud           Conj/Pois/Air  7%         N/A       36%         3
 Ignite Poison            Fire/Tmut/Pois 5%         N/A       45%         3


Dungeon Overview and Level Annotations

Branches:
Dungeon (1/15)

Altars:


Message History

You hit the giant cockroach.
You kill the giant cockroach!
There is an open door here.
You see here a giant cockroach corpse.
Found a leather armour.
You see here a +0 leather armour.
Found a stone staircase leading down.
You open the door.
A rat and a ball python come into view.
Found a dagger.
The ball python hisses angrily.
There is an open door here.
You hit the rat.
The rat is moderately wounded.
The rat closely misses you.
You hit the rat but do no damage.
The rat is moderately wounded.
The rat barely misses you.
You hit the rat.
You kill the rat!
You block the ball python's attack. The ball python grabs you.
The ball python constricts you. The ball python bites you.
The ball python constricts you.
You see here a rat corpse.
You escape the ball python's grasp.
There is an open door here.
The ball python bites you. You block the ball python's attack.
You hit the ball python.
The ball python is severely wounded.
The ball python bites you. You block the ball python's attack.
You barely miss the ball python.
The ball python is severely wounded.
The ball python bites you.
* * * LOW HITPOINT WARNING * * *
The ball python grabs you. The ball python constricts you.
You hit the ball python but do no damage.
The ball python is severely wounded.
The ball python bites you but does no damage.
The ball python constricts you. The ball python bites you.
You die...

..# ####†## #.#
..##############.####.######
..'.......................>#
..#########.####.###########
### #.# #.# #.# #.# #.# #.#
#.# #.# #.# #@# ########.#
#S# #........# #.#
#........####'#######
#........##..†......#
###.######.##.........#
##.....## #.##.........#
#...#...###.#..........#
...###...##.#..........#


You could see a ball python.

Vanquished Creatures
  A giant cockroach (D:1)
  A goblin (D:1)
  2 rats (D:1)
4 creatures vanquished.

Notes
Turn   | Place    | Note
-------+----------+-------------------------------------------
     0 | D:1      | purpskrrrp the Demonspawn Wanderer began the quest for the
                  | Orb.
     0 | D:1      | purpskrrrp set off with the following items: a +0 dagger, a
                  | +0 robe, a +0 buckler; and the following spells available
                  | to memorise: Sting, Shock, Mephitic Cloud, Ignite Poison
     0 | D:1      | Reached XP level 1. HP: 13/13 MP: 4/4
   498 | D:1      | Slain by a ball python

Illustrated notes

Levels and vault maps discovered:
D:1:      dpeg_arrival_arbitrary_c, layout_basic

Action                   || total
-------------------------++-------
Melee: Dagger            ||    27
Armor: Robe              ||     5
Dodge: Dodged            ||    10
Block: Buckler           ||     5
